 Dungeon Crawl Stone Soup version 0.28.0-53-g5a82cb258f (webtiles) character file.

Game seed: 69794990170492563

22064 firemarshallily the Fighter (level 13, -3/103 HPs)
             Began as a Djinni Conjurer on June 22, 2022.
             Was an Initiate of Gozag.
             Slain by a komodo dragon (22 damage)
             ... on level 2 of the Lair of Beasts on June 23, 2022.
             The game lasted 01:14:25 (18182 turns).

firemarshallily the Fighter (Djinni Conjurer)      Turns: 18182, Time: 01:14:25

Health: -3/103     AC: 15    Str:  6    XL:     13   Next: 24%
Gold:   1697       EV: 13    Int: 32    God:    Gozag SH:  5 Dex: 13

rFire   + + +      SeeInvis +   z - +7 Singing Sword {vorpal, sonic wave}
rCold   x . .      Faith    .   (no shield)
rNeg    . . .      Spirit   .   y - +0 leather armour {rF+}
rPois   ∞          Reflect  +   (helmet restricted)
rElec   .          Harm     .   I - +0 cloak
rCorr   .          Rampage  .   d - +2 pair of gloves
Will    +....                   (boots unavailable)
Stlth   +++.......              P - amulet of reflection
HPRegen 0.27/turn               C - +4 ring of slaying
MPRegen 0.00/turn               n - +6 ring of intelligence

@: ice-armoured, wereblooded, gold aura, flying, studying Slings
A: sickness immunity, fire resistance 2, cold vulnerability 1, float, innate
caster, HP casting, extra vitality 1, horns 1, thin skeletal structure 1, see
invisible, noise suppression
a: Renounce Religion, Potion Petition, Call Merchant, Bribe Branch


You were on level 2 of the Lair of Beasts.
You worshipped Gozag.
Gozag was most pleased with you.
You visited 3 branches of the dungeon, and saw 15 of its levels.

You collected 1815 gold pieces.
You paid 118 gold pieces to Gozag.

Inventory:

Hand Weapons
 x - a +3 dire flail of protection
 z - the +7 Singing Sword (weapon) {vorpal, sonic wave}
   (You found it on level 6 of the Dungeon)

   It inflicts extra damage upon your enemies.
   It radiates damaging sonic waves as it strikes, especially in combat
   involving dangerous or numerous foes.
Missiles
 g - 15 poisoned darts
 A - 10 curare-tipped darts
 E - 4 boomerangs
 M - 41 sling bullets
Armour
 d - a +2 pair of gloves (worn)
 y - a +0 leather armour of fire resistance (worn)
 I - a +0 cloak (worn)
Jewellery
 l - a ring of protection from cold
 n - a +6 ring of intelligence (right hand)
 C - a +4 ring of slaying (left hand)
 G - a ring of resist corrosion
 L - a ring of willpower
 P - an amulet of reflection (around neck)
Wands
 f - a wand of flame (34)
 u - a wand of polymorph (10)
 v - a wand of paralysis (8)
 B - a wand of iceblast (14)
 H - a wand of mindburst (7)
 J - a wand of acid (4)
 O - a wand of charming (1)
Scrolls
 a - 6 scrolls of fog
 j - a scroll of enchant weapon
 k - 3 scrolls of blinking
 w - 3 scrolls of teleportation
 F - a scroll of magic mapping
Potions
 c - 2 potions of ambrosia
 m - 2 potions of heal wounds {unknown}
 o - 2 potions of brilliance {unknown}
 p - 2 potions of berserk rage {unknown}
 q - 3 potions of curing
 r - 2 potions of attraction {unknown}
 s - a potion of resistance {unknown}
 t - a potion of invisibility {unknown}
 D - 3 potions of lignification
 K - a potion of haste {unknown}
 N - a potion of flight {unknown}


   Skills:
 * Level 13.4 Fighting
 + Level 7.3 Long Blades
 - Level 6.0 Dodging
 - Level 1.5 Stealth
 * Level 11.0 Spellcasting


You couldn't memorise any spells.
You knew the following spells:

 Your Spells              Type           Power      Damage    Failure   Level
a - Magic Dart            Conj           100%       1d8       1%          1
b - Searing Ray           Conj           100%       2d8       1%          2
c - Ozocubu's Armour      Ice            73%        N/A       1%          3
d - Fulminant Prism       Conj/Hex       36%        3d18      1%          4
e - Iskenderun's Mystic   Conj/Tloc      73%        2d15      1%          4
f - Pain                  Necr           100%       1d9       1%          1
g - Wereblood             Tmut           73%        N/A       1%          2
h - Dazzling Flash        Conj/Hex       100%       N/A       1%          3
i - Olgreb's Toxic Radia  Pois           73%        N/A       1%          4
j - Freezing Cloud        Conj/Ice/Air   36%        6-21      1%          5
k - Lightning Bolt        Conj/Air       36%        1d54      1%          5
Your spell library was empty.

Dungeon Overview and Level Annotations

Branches:
Dungeon (12/15)            Temple (1/1) D:4            Lair (2/6) D:9
    Orc (0/2) D:9
  Swamp: Lair:2-4    Shoals: Lair:2-4     Snake: Lair:2-4    Spider: Lair:2-4

Altars:
Ashenzari
Cheibriados
Dithmenos
Elyvilon
Fedhas
Gozag
Hepliaklqana
Kikubaaqudgha
Makhleb
Nemelex Xobeh
Okawaru
Qazlal
Ru
Sif Muna
Trog
Uskayaw
Vehumet
Wu Jian
Xom
Yredelemnul
Zin
The Shining One

Shops:
D:7 :   D:12 :

Annotations:
D:8 1 runed translucent door, Caestello's ghost, novice FoAK


Innate Abilities, Weirdness & Mutations

You are immune to sickness and miasma.
You are immune to poison.
Your flesh is very heat resistant. (rF++)
You are vulnerable to cold. (rC-)
You float through the air rather than walking.
You learn spells naturally, not from books.
Your magical power is your life essence.
You have superior vitality. (+4 MHP)
You have a pair of small horns on your head.
You have a somewhat thin skeletal structure. (Dex +2, Stealth+)
You have supernaturally acute eyesight. (SInv)
You passively dampen the noise of your surroundings.


Message History

Casting: Wereblood (safe; 1% risk of failure)
Confirm with . or Enter, or press ? or * to list all spells.
Aiming: Fulminant Prism (mildly dangerous; 1% risk of failure)
Press: ? - help, Dir - move target You conjure a prism of explosive energy!
A fulminant prism comes into view.
You hear an angry hiss.
The komodo dragon completely misses you.
Casting: Fulminant Prism (mildly dangerous; 1% risk of failure)
Confirm with . or Enter, or press ? or * to list all spells.
A film of ice covers your body! The komodo dragon closely misses you.
Your fulminant prism crackles loudly.
Casting: Ozocubu's Armour (safe; 1% risk of failure)
Confirm with . or Enter, or press ? or * to list all spells.
Aiming: Lightning Bolt (dangerous; 1% risk of failure)
Press: ? - help, Shift-Dir - straight line, f - black bear
Aim: a black bear (almost dead, 74% to hit)
You hear a mighty clap of thunder!
The bolt of lightning hits the komodo dragon!
The komodo dragon is lightly wounded.
The bolt of lightning hits the black bear!
You kill the black bear!
The bolt of lightning hits the plant.
The plant is lightly damaged.
The komodo dragon bites you!!
* * * LOW HITPOINT WARNING * * *
Your fulminant prism explodes!
The blast of energy engulfs the plant!!!
The plant is moderately damaged.
The blast of energy engulfs the komodo dragon!!
The komodo dragon is almost dead.
You hit the komodo dragon. Your headbutt misses the komodo dragon.
The komodo dragon is almost dead.
A nearby plant withers and dies.
A water moccasin comes into view.
The komodo dragon bites you!
* * * LOW HITPOINT WARNING * * *
You feel better. The komodo dragon bites you!!
You die...
Your body crumbles into a pile of gold.

#........♣#...♣#
$#<........'....#
#...≈≈≈...'....#
♣P.P≈≈≈≈.♣#....#
####♣####♣♣#''##
≈≈≈≈≈ #...♣
..P≈≈≈P. ♣...♣
+.........♣...♣#
#.........♣.@.≈#
#....⌠ ♣l.≈≈#
.Y..≈≈# .S$..≈≈≈#
...≈≈≈≈≈≈≈#
..≈≈≈#≈≈≈8#
♣########## $


You could see a komodo dragon, a yak and a water moccasin.

Vanquished Creatures
  2 boulder beetles
  A hydra (Lair:1)
  3 two-headed ogres
  Sonja (D:10)
  A manticore (D:12)
  A cyclops (D:12)
  Maurice (D:9)
  3 black mambas
  2 gargoyles
  8 cane toads
  11 komodo dragons
  Psyche (D:8)
  3 trolls
  Grinder (D:5)
  2 shadows
  Sigmund (D:3)
  2 wyverns
  2 wraiths (D:12)
  7 yaks
  2 water elementals (D:11)
  Grum (D:9)
  2 steam dragons (D:8)
  Edmund (D:6)
  2 acid dragons (D:10)
  Duvessa (D:5)
  A cane toad zombie (D:9)
  4 water moccasins
  A hornet zombie (D:6)
  A sky beast (D:7)
  An ice beast (D:7)
  3 black bears
  9 orc warriors
  A necrophage (D:4)
  An ogre (D:4)
  4 wolves (D:9)
  3 centaurs
  A phantom (D:5)
  2 kobold brigands
  8 bullfrogs
  A wyvern zombie (D:8)
  8 scorpions
  Dowan (D:5)
  2 water moccasin skeletons
  5 killer bees (D:9)
  10 electric eels
  6 wights (D:8)
  2 howler monkeys (D:10)
  4 centaur zombies
  5 orc priests
  A hound (D:6)
  Jessica (D:2)
  10 orc wizards
  10 iguanas
  2 hound zombies (D:5)
  A howler monkey zombie (D:5)
  3 gnolls (D:5)
  9 adders
  2 white imps
  4 dart slugs
  37 orcs
  5 endoplasms
  3 giant cockroaches
  6 hobgoblins
  4 jackals (D:1)
  10 kobolds
  3 quokkas
  7 ball pythons
  9 bats
  23 frilled lizards
  8 goblins
  4 rats
  A fulminant prism (D:11)
309 creatures vanquished.

Vanquished Creatures (others)
  140 fulminant prisms
  19 fungi
  84 plants
243 creatures vanquished.

Grand Total: 552 creatures vanquished

Notes
Turn   | Place    | Note
-------+----------+-------------------------------------------
     0 | D:1      | firemarshallily the Djinni Conjurer began the quest for the
                  | Orb.
     0 | D:1      | Reached XP level 1. HP: 15/15 MP: 0/0
   326 | D:1      | Reached XP level 2. HP: 20/22 MP: 0/0
   545 | D:1      | Reached skill level 1 in Fighting
   704 | D:1      | Found a faded altar of an unknown god.
   999 | D:1      | Reached XP level 3. HP: 17/27 MP: 0/0
   999 | D:1      | Learned a level 1 spell: Pain
  1679 | D:2      | Reached XP level 4. HP: 28/33 MP: 0/0
  1731 | D:2      | Noticed Jessica
  1739 | D:2      | Killed Jessica
  1740 | D:2      | Reached skill level 2 in Fighting
  2456 | D:3      | Reached XP level 5. HP: 38/39 MP: 0/0
  2456 | D:3      | Learned a level 2 spell: Wereblood
  2884 | D:3      | Noticed Sigmund
  3732 | D:4      | Noticed a necrophage
  3738 | D:4      | Killed a necrophage
  3739 | D:4      | Reached skill level 3 in Fighting
  3739 | D:4      | Reached XP level 6. HP: 38/46 MP: 0/0
  3835 | D:4      | Noticed an ogre
  3839 | D:4      | Killed an ogre
  3847 | D:4      | Reached XP level 7. HP: 34/51 MP: 0/0
  3847 | D:4      | Learned a level 3 spell: Ozocubu's Armour
  4112 | D:4      | Reached skill level 4 in Fighting
  4377 | D:4      | Found a staircase to the Ecumenical Temple.
  4386 | Temple   | Entered the Ecumenical Temple
  4564 | D:5      | Entered Level 5 of the Dungeon
  4880 | D:5      | Noticed Duvessa
  4886 | D:5      | Noticed Dowan
  4891 | D:5      | Killed Duvessa
  4892 | D:5      | Reached skill level 5 in Spellcasting
  4893 | D:5      | Killed Dowan
  4894 | D:5      | Reached skill level 5 in Fighting
  4894 | D:5      | Reached XP level 8. HP: 35/59 MP: 0/0
  5068 | D:5      | Noticed Grinder
  5075 | D:5      | Noticed a yak
  5085 | D:5      | Killed a yak
  5092 | D:5      | Killed Grinder
  5093 | D:5      | Reached skill level 5 in Dodging
  5575 | D:5      | Reached skill level 6 in Fighting
  5947 | D:6      | Noticed Edmund
  5956 | D:6      | Killed Edmund
  5957 | D:6      | Reached XP level 9. HP: 49/67 MP: 0/0
  5957 | D:6      | Learned a level 4 spell: Olgreb's Toxic Radiance
  6376 | D:6      | Reached skill level 7 in Fighting
  6670 | D:6      | Found the +7 Singing Sword {vorpal, sonic wave}
  7288 | D:7      | Reached skill level 1 in Long Blades
  7903 | D:7      | Reached skill level 8 in Fighting
  8174 | D:7      | Found Epatsuir's Book Shoppe.
  8223 | D:7      | Gained mutation: You have supernaturally acute eyesight.
                  | (SInv) [potion of mutation]
  8223 | D:7      | Gained mutation: You have a somewhat thin skeletal
                  | structure. (Dex +2, Stealth+) [potion of mutation]
  8223 | D:7      | Gained mutation: You passively dampen the noise of your
                  | surroundings. [potion of mutation]
  8223 | D:7      | Gained mutation: You have a pair of small horns on your
                  | head. [potion of mutation]
  8256 | D:8      | Reached XP level 10. HP: 30/76 MP: 0/0
  8256 | D:8      | Noticed a two-headed ogre
  8610 | D:8      | Noticed Caestello's ghost (novice FoAK)
  8618 | D:8      | Found a runed translucent door.
  9287 | D:8      | Reached skill level 9 in Fighting
  9348 | D:8      | Noticed Psyche
  9354 | D:8      | Killed Psyche
  9517 | D:8      | Killed a two-headed ogre
  9693 | D:9      | Noticed Grum
  9766 | D:9      | Noticed Maurice
  9771 | D:9      | Killed Maurice
  9801 | D:9      | Killed Grum
  9811 | D:9      | Reached XP level 11. HP: 39/85 MP: 0/0
  9811 | D:9      | Learned a level 5 spell: Freezing Cloud
  9929 | D:9      | Reached skill level 10 in Fighting
 10387 | D:9      | Found a staircase to the Orcish Mines.
 10539 | D:9      | Noticed a boulder beetle
 10551 | D:9      | Killed a boulder beetle
 10855 | D:9      | Found a glowing golden altar of the Shining One.
 10858 | D:9      | Found a basalt altar of Yredelemnul.
 10859 | D:9      | Found a white marble altar of Elyvilon.
 10860 | D:9      | Found a burning altar of Makhleb.
 10860 | D:9      | Found an opulent altar of Gozag.
 10860 | D:9      | Found a hazy altar of Hepliaklqana.
 10866 | D:9      | Found a shimmering altar of Xom.
 10873 | D:9      | Became a worshipper of Gozag Ym Sagoz the Greedy
 11243 | D:9      | Found a hide-covered altar of Uskayaw.
 11243 | D:9      | Found a sparkling altar of Nemelex Xobeh.
 11337 | D:9      | Found a staircase to the Lair.
 11793 | D:3      | Killed Sigmund
 11794 | D:3      | Reached skill level 5 in Long Blades
 11978 | D:10     | Entered Level 10 of the Dungeon
 12124 | D:10     | Noticed Sonja
 12130 | D:10     | Killed Sonja
 12131 | D:10     | Reached skill level 11 in Fighting
 12544 | D:10     | Noticed a two-headed ogre
 12551 | D:10     | Killed a two-headed ogre
 13693 | D:11     | Noticed a two-headed ogre
 13701 | D:11     | Killed a two-headed ogre
 13702 | D:11     | Reached XP level 12. HP: 81/94 MP: 0/0
 14745 | D:11     | Reached skill level 12 in Fighting
 14745 | D:11     | Reached skill level 10 in Spellcasting
 15575 | D:12     | Noticed a boulder beetle
 15581 | D:12     | Killed a boulder beetle
 15684 | D:12     | Found Zikhy's Book Boutique.
 16579 | Lair:1   | Entered Level 1 of the Lair of Beasts
 17112 | Lair:1   | Noticed a five-headed hydra
 17119 | Lair:1   | Killed a five-headed hydra
 17264 | Lair:1   | Reached skill level 13 in Fighting
 17451 | Lair:1   | Reached XP level 13. HP: 96/103 MP: 0/0
 17451 | Lair:1   | Learned a level 5 spell: Lightning Bolt
 18182 | Lair:2   | Slain by a komodo dragon

Illustrated notes

Levels and vault maps discovered:
D:1:      minmay_arrival_diagonal_passages, layout_basic,
          ebering_ecumenical_altar_ruins
D:2:      layout_rooms, minmay_misc_feat_alley, uniq_jessica
D:3:      layout_loops_corners, minivault_14, grunt_ministairs_14, uniq_sigmund
D:4:      layout_basic, lemuel_temple_firewalk_b
D:5:      layout_rooms, grunt_ministairs_12, minmay_misc_feat_secret_circle,
          minmay_manual_mail, uniq_grinder, uniq_duvessa
D:6:      old_forge, layout_loops_ring, uniq_edmund
D:7:      layout_gridville, serial_shops, kennysheep_little_box
D:8:      layout_cave_pods, hellmonk_ghost_big_iron, st_stairs_2, uniq_psyche
D:9:      layout_loops_ring, minitemple, gammafunk_temple_overflow_statue,
          david_lair_shrubbed, erik_orc_2, nrook_uturn, uniq_maurice, uniq_grum
D:10:     layout_cave_pods, grunt_ministairs_7, uniq_sonja
D:11:     lemuel_reptile_caves, layout_basic
D:12:     layout_loops_ring, serial_shops, kennysheep_mini_moat
Temple:   minmay_temple_curvy_loop
Lair:1:   layout_chaotic_city, serial_bayou_shore_a
Lair:2:   cheibrodos_lair_overgrown_chateau, layout_cave_pods,
          beast_lair_carwin_9

Skill      XL: |  1  2  3  4  5  6  7  8  9 10 11 12 13 |
---------------+----------------------------------------+-----
Fighting       | 1 2 3 5 6 8 9 11 13 | 13.4
Dodging        | 3 4 5 6 |  6.0
Spellcasting   | 4 5 6 7 8 9 10 11 | 11.0
Long Blades    | 2 4 5 6 7 |  7.3
Stealth        | |  1.5

Action                   |  1- 3 |  4- 6 |  7- 9 | 10-12 | 13-15 || total
-------------------------+-------+-------+-------+-------+-------++-------
Melee: Dagger            |    17 |    11 |     2 |       |       ||    30
       Mace              |       |       |     8 |       |       ||     8
       Double sword      |       |       |    18 |   130 |    17 ||   165
       Dire flail        |       |       |     4 |       |       ||     4
       Headbutt          |       |       |       |    29 |     3 ||    32
       Punch             |       |       |       |     1 |     1 ||     2
 Cast: Magic Dart        |    56 |    70 |    75 |    45 |       ||   246
       Searing Ray       |       |     3 |    19 |    15 |       ||    37
       Fulminant Prism   |       |       |    32 |    95 |    14 ||   141
       Wereblood         |       |       |    13 |    14 |     1 ||    28
       Ozocubu's Armour  |       |       |     4 |    10 |     1 ||    15
       Olgreb's Toxic Ra |       |       |       |    14 |       ||    14
       Freezing Cloud    |       |       |       |     4 |       ||     4
       Iskenderun's Myst |       |       |       |     1 |       ||     1
       Lightning Bolt    |       |       |       |       |     2 ||     2
  Use: Scroll            |     2 |     2 |     6 |     8 |       ||    18
       Potion            |       |       |     1 |     2 |     1 ||     4
 Stab: Sleeping          |       |     1 |       |     3 |       ||     4
       Distracted        |       |       |       |     3 |       ||     3
Armor: Robe              |     1 |     8 |    18 |     3 |       ||    30
       Leather armour    |       |       |       |    23 |       ||    23
Dodge: Dodged            |    19 |    10 |    54 |   106 |     6 ||   195
Block: Other             |       |       |       |     5 |     2 ||     7
